 Dungeon Crawl Stone Soup version 0.25-a0-1113-g0499d652a8 (webtiles) character file.

Game seed: 8831248280276623232, levelgen mode: deterministic

120 Esekla the Magician (level 5, -1/31 (32) HPs)
             Began as an Octopode Wizard on May 16, 2020.
             Was a Follower of Wu Jian.
             Slain by a hound (5 damage)
             ... on level 5 of the Dungeon.
             The game lasted 00:20:18 (4403 turns).

Esekla the Magician (Octopode Wizard)               Turns: 4403, Time: 00:20:19

HP:   -1/31 (32)    AC:  3    Str:  6      XL:     5   Next: 4%
MP:   10/11         EV: 17    Int: 21 (22) God:    Wu Jian [*.....]
Gold: 92            SH:  0    Dex:  9 (10) Spells: 3/12 levels left

rFire    . . .     SeeInvis .   c - +0 long sword
rCold    . . .     Gourm    .   (no shield)
rNeg     . . .     Faith    .   a - +0 hat
rPois    .         Spirit   .   k - amulet of magic regeneration
rElec    .         Reflect  .   q - +4 ring of evasion
rCorr    .         Harm     .   (no ring)
MR       .....                  (no ring)
Stlth    +++.......             (no ring)
HPRegen  0.10/turn              (no ring)
MPRegen  0.37/turn              (no ring)
                                (no ring)
                                (no ring)

@: no status effects
A: almost no armour, stealthy swim, amphibious, 8 rings, constrict 8, molten
scales 1, camouflage 1, gelatinous body 1, evolution 1, MP-powered wands
a: Renounce Religion


You were on level 5 of the Dungeon.
You worshipped Wu Jian.
Wu Jian was aware of your devotion.
You were near starving.

You visited 1 branch of the dungeon, and saw 5 of its levels.

You collected 92 gold pieces.

Inventory:

Hand Weapons
 c - a +0 long sword (weapon)
 o - a +0 rapier
Armour
 a - a +0 hat (worn)
Jewellery
 k - an amulet of magic regeneration (around mantle)
 q - a +4 ring of evasion (left tentacle)
Scrolls
 b - 4 scrolls of remove curse {unknown}
 e - a scroll of amnesia {unknown}
 f - 3 scrolls of enchant armour {unknown}
 g - 3 scrolls of magic mapping {unknown}
 i - 3 scrolls of enchant weapon {unknown}
 j - a scroll of identify {unknown}
 l - 2 scrolls of fog {unknown}
 m - a scroll of fear {unknown}
 n - a scroll of blinking {unknown}
Potions
 h - a potion of invisibility
Comestibles
 d - 3 rations


   Skills:
 + Level 0.4 Fighting
 + Level 0.1 Short Blades
 + Level 2.6 Dodging
 - Level 2.8 Stealth
 * Level 4.3 Spellcasting
 + Level 1.2 Conjurations
   Level 1.0 Summonings
 * Level 1.3 Translocations
 * Level 0.6 Fire Magic
 * Level 0.6 Air Magic
 * Level 0.8 Poison Magic


You had 3 spell levels left.
You knew the following spells:

 Your Spells              Type           Power        Failure   Level  Hunger
a - Magic Dart            Conj           #...         7%          1    None
b - Blink                 Tloc           N/A          10%         2    #......
c - Mephitic Cloud        Conj/Pois/Air  #.......     24%         3    ##.....
f - Conjure Flame         Conj/Fire      #.......     24%         3    ##.....

Your spell library contained the following spells:

 Spells                   Type           Power        Failure   Level  Hunger
 Call Imp                 Summ           #.......     12%         2    #......
 Slow                     Hex            #.......     19%         2    #......


Dungeon Overview and Level Annotations

Branches:
Dungeon (5/15)
 Temple: D:4-7

Altars:
Cheibriados
Okawaru
Trog
Wu Jian
Xom
Zin
The Shining One


Innate Abilities, Weirdness & Mutations

You cannot wear most types of armour.
You are very stealthy in the water. (Stealth+)
You are amphibious.
You can wear up to eight rings at the same time.
You can use your tentacles to constrict eight enemies at once.
Your skin changes colour to match your surroundings (Stealth+).
Your rubbery body absorbs attacks. (AC +1, EV +1)
You are partially covered in molten scales. (AC +2)
You evolve.
You expend magic power (3 MP) to strengthen your wands.


Message History

You constrict the necrophage.
You destroy the necrophage!
The Council accepts your kill.
You feel your strength returning.
You feel your intelligence returning.
You feel your dexterity returning.
Your Spellcasting skill increases to level 4!
You have reached level 4!
You have reached level 5!
You feel clever. The hound barely misses you.
Casting: Blink (safe; 10% risk of failure)
Confirm with . or Enter, or press ? or * to list all spells.
You blink.
The hound misses you. The scorpion misses you.
Casting: Blink (safe; 10% risk of failure)
Confirm with . or Enter, or press ? or * to list all spells.
You blink.
The hound stops to sniff the ground.
You barely miss the hound. You grab the hound. You constrict the hound.
The hound bites you.
You die...

#.##.###.##
#.##.###.#
#s##..#..#
#.###...## #h#
##.## .# #.# #_#
.# #.###### #.#
#...h.# #.#
#####@#
#######.##### #.#
##......).....
#.###...##..##..##
#......####....###
#####..## ##..## #
#...## #..# ##
#....###..###.
#..#..........
#..#..........


You could see a hound.

Vanquished Creatures
  A necrophage (D:5)
  3 adders
  A leopard gecko (D:4)
  An orc (D:4)
  A bat (D:1)
  2 goblins (D:1)
  3 kobolds
  A quokka skeleton (D:4)
  2 rats (D:1)
15 creatures vanquished.

Notes
Turn   | Place    | Note
-------+----------+-------------------------------------------
     0 | D:1      | Esekla the Octopode Wizard began the quest for the Orb.
     0 | D:1      | Reached XP level 1. HP: 11/11 MP: 4/4
  1406 | D:1      | Found a glowing golden altar of the Shining One.
  2223 | D:2      | Reached XP level 2. HP: 17/17 MP: 0/6
  2231 | D:2      | Learned a level 2 spell: Blink
  2420 | D:2      | Noticed an angel
  2421 | D:2      | Found a shimmering altar of Xom.
  2423 | D:2      | Found a glowing silver altar of Zin.
  2692 | D:3      | Gained mutation: You evolve. [potion of mutation]
  2692 | D:3      | Gained mutation: You are partially covered in molten
                  | scales. (AC +2) [potion of mutation]
  2692 | D:3      | Gained mutation: You expend magic power (3 MP) to
                  | strengthen your wands. [potion of mutation]
  2711 | D:3      | HP: 1/25 [poisoned by an adder]
  3173 | D:2      | Noticed a sky beast
  3285 | D:5      | Entered Level 5 of the Dungeon
  3647 | D:4      | Reached XP level 3. HP: 18/21 MP: 5/8
  4159 | D:5      | Noticed a scorpion
  4306 | D:5      | Learned a level 3 spell: Mephitic Cloud
  4310 | D:5      | Learned a level 3 spell: Conjure Flame
  4334 | D:5      | Found a faded altar of an unknown god.
  4334 | D:5      | Found a bloodstained altar of Trog.
  4334 | D:5      | Noticed a necrophage
  4339 | D:5      | Found an iron altar of Okawaru.
  4341 | D:5      | Found a faded altar of an unknown god.
  4342 | D:5      | Found a snail-covered altar of Cheibriados.
  4352 | D:5      | Became a worshipper of the Wu Jian Council
  4352 | D:5      | Reached * piety under Wu Jian
  4378 | D:5      | HP: 1/20 [hound (2)]
  4394 | D:5      | Killed a necrophage
  4394 | D:5      | Reached skill level 4 in Spellcasting
  4394 | D:5      | Reached XP level 4. HP: 2/26 MP: 10/10
  4394 | D:5      | Reached XP level 5. HP: 3/31 MP: 11/11
  4403 | D:5      | Slain by a hound

Illustrated notes

Levels and vault maps discovered:
D:1:      heliophobic_arrival_enchanted_forest, layout_loops_corners,
          tso_metal_star
D:2:      layout_basic, grunt_temple_overflow_order_and_chaos_1,
          lemuel_round_altar, first_ration, hangedman_decor_lopped,
          serial_park_tiny_2
D:3:      layout_basic, minmay_between
D:4:      cheibrodos_greedy_goblins, layout_basic, marbit_many_paths,
          yredelemnul_altar_generic, serial_shops, shop, st_stairs_11
D:5:      layout_loops_ring, lemuel_coloured_pillars_altar, grunt_qazlal_clouds,
          chequers_temple_overflow_minitemple, palyth_stone_intersect

Skill      XL: |  1  2  3 |
---------------+----------+-----
Spellcasting   | 4 |  4.3
Fighting       | |  0.4
Short Blades   | |  0.1
Dodging        | |  2.6
Stealth        | |  2.8
Conjurations   | |  1.2
Summonings     | |  1.0
Translocations | |  1.3
Fire Magic     | |  0.6
Air Magic      | |  0.6
Poison Magic   | |  0.8

Action                   |  1- 3 |  4- 6 || total
-------------------------+-------+-------++-------
Melee: Dagger            |     3 |       ||     3
       Unarmed           |     3 |       ||     3
       Rapier            |    11 |       ||    11
       Constrict         |     7 |     1 ||     8
       Long sword        |     9 |     1 ||    10
       Tentacles         |     2 |       ||     2
 Cast: Magic Dart        |    19 |       ||    19
       Blink             |     1 |     2 ||     3
Invok: Whirlwind         |     1 |       ||     1
  Use: Potion            |     5 |       ||     5
 Stab: Sleeping          |     3 |       ||     3
  Eat: Chunk             |     5 |       ||     5
       Ration            |     1 |       ||     1
Armor: Skin              |     2 |       ||     2
Dodge: Dodged            |    28 |     3 ||    31
       Rpst.: Long sword |     5 |       ||     5

Table legend:
 A = Non-vault XP
 B = Vault XP
 C = Vault XP percentage of total XP
 D = Non-vault monster count
 E = Vault monster count
 F = Vault count percentage of total count
                 A         B        C        D         E       F
            +---------+---------+-------+---------+---------+-------
      Total |     172 |       0 |   0.0 |      15 |       0 |   0.0
            +---------+---------+-------+---------+---------+-------
        D:1 |       6 |       0 |   0.0 |       6 |       0 |   0.0
        D:2 |       4 |       0 |   0.0 |       2 |       0 |   0.0
        D:3 |      13 |       0 |   0.0 |       1 |       0 |   0.0
        D:4 |      33 |       0 |   0.0 |       5 |       0 |   0.0
        D:5 |     116 |       0 |   0.0 |       1 |       0 |   0.0
            +---------+---------+-------+---------+---------+-------
